 Dungeon Crawl Stone Soup version 0.21-a0-227-g58a7c62 (webtiles) character file.

760116 Blomdor the Conqueror (level 27, -6/249 HPs)
             Began as a Barachi Skald on Aug 30, 2017.
             Was the Champion of Okawaru.
             Killed from afar by Tiotim the pandemonium lord (30 damage)
             ... with a great blast of fire
             ... on level 5 of the Dungeon on Aug 31, 2017.
             The game lasted 02:38:08 (62638 turns).

Blomdor the Conqueror (Barachi Skald)              Turns: 62638, Time: 02:38:09

Health: -6/249     AC: 54    Str: 42    XL:     27
Magic:  31/31      EV: 28    Int:  9    God:    Okawaru [******]
Gold:   3450       SH: 29    Dex: 14    Spells: 29/30 levels left

rFire    + + +     SeeInvis .   b - +8 mithril axe "Arga" {speed, MR+}
rCold    + . .     Gourm    .   k - +5 shield {rF+}
rNeg     + + +     Faith    .   i - +9 crystal plate armour of Vanell {rF++ Slay-3}
rPois    +         Spirit   .   l - +2 hat of Gravitas {rPois rN+ Int-4 Slay+4}
rElec    +         Reflect  +   s - +1 cloak of Starlight {rElec rC+ EV+4 Stlth--}
rCorr    .         Harm     .   j - +2 pair of gloves {Str+3}
MR       ++++.                  r - +0 pair of boots "Odaf" {+Inv MR+ Str+7}
Stlth    ..........             z - amulet "Isets" {Reflect rN+ Str+4 Slay+2 SH+3}
HPRegen  0.51/turn              O - ring of Cowardice {rPois rN+ Slay+3}
MPRegen  0.22/turn              N - ring "Otucius" {Str+4 Slay+3}

@: heroism, can't hop, slow
A: +LOS, swims, hooves 1, thin metallic scales 2, dopey 1, low mp 2, screaming
1, slowness 1, strong 1, MP-powered wands, strong legs 2
0: Orb of Zot
}: 3/15 runes: decaying, silver, gossamer
a: Hop, Heroism, Finesse, Renounce Religion, Evoke Invisibility


You were on level 5 of the Dungeon.
You worshipped Okawaru.
Okawaru was exalted by your worship.
You were not hungry.

You visited 11 branches of the dungeon, and saw 53 of its levels.
You visited the Abyss 2 times.
You visited 1 bazaar.
You also visited: Trove, Sewer, Ossuary, Ice Cave, Wizlab and Desolation.

You collected 10166 gold pieces.
You spent 6716 gold pieces at shops.

Inventory:

Hand Weapons
 b - the +8 mithril axe "Arga" (weapon) {speed, MR+}
   (Okawaru gifted it to you on level 5 of the Realm of Zot)

   Attacks with this weapon are significantly faster.
   It affects your resistance to hostile enchantments.
Missiles
 V - 12 throwing nets (quivered)
Armour
 i - the +9 crystal plate armour of Vanell (worn) {rF++ Slay-3}
   (Okawaru gifted it to you on level 1 of the Crypt)

   It affects your accuracy and damage with ranged weapons and melee attacks
   (-3).
   It greatly protects you from fire.
 j - a +2 pair of gloves of strength (worn)
 k - a +5 shield of fire resistance (worn)
 l - the +2 hat of Gravitas (worn) {rPois rN+ Int-4 Slay+4}
   (Okawaru gifted it to you on level 1 of the Vaults)

   It affects your intelligence (-4).
   It affects your accuracy and damage with ranged weapons and melee attacks
   (+4).
   It protects you from poison.
   It protects you from negative energy.
 r - the +0 pair of boots "Odaf" (worn) {+Inv MR+ Str+7}
   (Okawaru gifted it to you on level 5 of the Vaults)

   It affects your strength (+7).
   It affects your resistance to hostile enchantments.
   It lets you turn invisible.
 s - the +1 cloak of Starlight (worn) {rElec rC+ EV+4 Stlth--}
   (You found it in a wizard's laboratory)

   It affects your evasion (+4).
   It protects you from cold.
   It insulates you from electricity.
   It makes you much less stealthy.
Jewellery
 z - the amulet "Isets" (around neck) {Reflect rN+ Str+4 Slay+2 SH+3}
   (You took it off a deep elf demonologist on level 3 of the Elven Halls)

   [amulet of reflection]

   It shields you and reflects attacks.
   It affects your strength (+4).
   It affects your accuracy and damage with ranged weapons and melee attacks
   (+2).
   It protects you from negative energy.
   It affects your SH (+3).
 I - the ring "Egeg" {rN+ MR++}
   (You found it on level 3 of the Crypt)

   [ring of positive energy]

   It protects you from negative energy.
   It affects your resistance to hostile enchantments.
 N - the ring "Otucius" (right hand) {Str+4 Slay+3}
   (You found it in a treasure trove)

   [ring of slaying]

   It affects your strength (+4).
   It affects your accuracy and damage with ranged weapons and melee attacks
   (+3).
 O - the ring of Cowardice (left hand) {rPois rN+ Slay+3}
   (You found it on level 3 of the Crypt)

   [ring of positive energy]

   It affects your accuracy and damage with ranged weapons and melee attacks
   (+3).
   It protects you from poison.
   It protects you from negative energy.
 T - the ring of Lugonu's Whim {rF+ rC+ MR+ Int+3}
   (You found it in a treasure trove)

   [ring of protection from cold]

   It affects your intelligence (+3).
   It protects you from fire.
   It protects you from cold.
   It affects your resistance to hostile enchantments.
Wands
 m - a wand of digging (9/24)
 A - a wand of digging (10/24)
 F - a wand of digging (10/24)
Scrolls
 f - 11 scrolls of blinking
 n - 10 scrolls of fear
 q - a scroll of magic mapping
 v - 6 scrolls of immolation
 w - 3 scrolls of identify
 B - 13 scrolls of fog
 D - 26 scrolls of teleportation
 J - 4 scrolls of recharging
 P - 26 scrolls of remove curse
 S - 9 scrolls of enchant armour
Potions
 a - 12 potions of berserk rage
 e - 7 potions of invisibility
 h - 13 potions of haste
 o - 11 potions of agility
 p - 4 potions of resistance
 u - 7 potions of curing
 x - 4 potions of lignification
 C - a potion of magic
 G - 13 potions of might
 H - 9 potions of ambrosia
 K - 2 potions of mutation
 X - 3 potions of cancellation
 Y - 13 potions of heal wounds
Books
 c - a book of Battle

   Spells                             Type                      Level
   a - Infusion                       Charms                       1
   b - Shroud of Golubria             Charms/Translocation         2
   c - Song of Slaying                Charms                       2
   d - Spectral Weapon                Hexes/Charms                 3
   e - Regeneration                   Charms/Necromancy            3
Miscellaneous
 y - 6 boxes of beasts
 M - 5 sacks of spiders
 Q - 5 phantom mirrors
Comestibles
 d - 29 bread rations
 t - 42 royal jellies
 E - 26 meat rations


   Skills:
 O Level 27 Fighting
 - Level 21.0(26.0) Axes
 - Level 26.0(27) Armour
 - Level 23.2(27) Dodging
 - Level 23.5(27) Shields
 - Level 2.1 Spellcasting
 - Level 3.2 Charms
 - Level 6.1 Invocations
 + Level 24.5 Evocations


You had 29 spell levels left.
You knew the following spells:

 Your Spells              Type           Power        Failure   Level  Hunger
a - Infusion              Chrm           #...         28%         1    ##.....


Dungeon Overview and Level Annotations

Branches:
Dungeon (15/15)            Temple (1/1) D:6            Lair (6/6) D:11
  Swamp (4/4) Lair:3       Spider (4/4) Lair:2        Slime (0/5) Lair:5
    Orc (2/2) D:10            Elf (3/3) Orc:2        Vaults (5/5) D:14
  Crypt (3/3) Vaults:2       Tomb (0/3) Crypt:3      Depths (5/5) D:15
    Zot (5/5) Depths:5

Altars:
Ashenzari
Cheibriados
Dithmenos
Elyvilon
Fedhas
Gozag
Hepliaklqana
Kikubaaqudgha
Makhleb
Nemelex Xobeh
Okawaru
Qazlal
Ru
Sif Muna
Trog
Uskayaw
Vehumet
Wu Jian
Xom
Yredelemnul
Zin
The Shining One
Beogh
Jiyva

Shops:
Orc:2 (?}!   Elf:2 !((!?   Elf:3 :   Vaults:5 %   Depths:3 *   Depths:4 %!=[
Depths:5 *[

Portals:
Hell: Depths:1 Depths:2 Depths:3 Depths:4 Depths:5
Abyss: Depths:2 Depths:3 Depths:4
Pandemonium: Depths:2 Depths:3
Ziggurat: Depths:2


Innate Abilities, Weirdness & Mutations

Shadows flee at your approach. (+LOS)
You can swim through water.
You cover ground slowly.
You can hop longer distances.
You have large cloven feet.
You are mostly covered in thin metallic scales. (AC +3)
You are dopey. (Int -2)
Your magical capacity is very low. (-20% MP)
You occasionally shout uncontrollably at your foes.
Your muscles are strong. (Str +2)
You expend magic power (3 MP) to strengthen your wands.


Message History

Okay, then.
You feel much better.
You are engulfed in blazing flames.
You resist.
The Tzitzimitl calls on the powers of darkness!
Your body is wracked with pain!
* * * LOW HITPOINT WARNING * * *
The tormentor calls on the powers of darkness!
Your body is wracked with pain!
* * * LOW HITPOINT WARNING * * *
Tiotim gestures.
You feel much better.
The tormentor calls on the powers of darkness!
Your body is wracked with pain!
* * * LOW HITPOINT WARNING * * *
The Tzitzimitl calls on the powers of darkness!
Your body is wracked with pain!
* * * LOW HITPOINT WARNING * * *
Tiotim gestures at you.
A raging storm of fire appears!
The great blast of fire engulfs you! You partially resist.
You die...

....#..#....#........#....#..#...
....######'###..##..##....##'#...
##...........#..##..#..........##
.#......(.(..#......+..........#.
.#.....(.....#......#..........'.
.#...((......#§######..........#.
.####(###'#..v§vvv§v....####+###.
...(..#...#..§...§§§....#........
......#...#..§§v@.§§....'........
......#...#..v§v§§v.v...#........
####'######..2.v.§......#........
#.....>...3...1v####....#########
#..........1...1#..#.<...........
#..........&....#..#..&..........
#...........3..v#..#.............
#........4......#..#.............
'...............#..'.............


You could see Finynt, Tiotim, a Tzitzimitl, a Brimstone Fiend, an Ice Fiend, a
soul eater, a sun demon, an orange demon, a tormentor and 13 fire vortices.

Vanquished Creatures
  11 orbs of fire
  3 ancient liches
  Mennas (Crypt:2)
  Sojobo (Depths:2)
  Bai Suzhen (Spider:4)
  Saint Roka (Vaults:1)
  A curse toe (Zot:4)
  5 caustic shrikes
  3 Killer Klowns
  3 profane servitors
  19 golden dragons
  4 pandemonium lords
  the Enchantress (Depths:5)
  Arachne (Spider:2)
  4 bone dragons
  A Tzitzimitl (Depths:5)
  5 electric golems
  24 tentacled monstrosities
  A Hell Sentinel (Depths:2)
  Rupert (D:15)
  2 Ice Fiends
  6 titans
  Asterion (Depths:1)
  31 Orb Guardians
  14 quicksilver dragons
  6 liches
  2 deep elf master archers (Elf:3)
  A deep elf blademaster (Elf:2)
  3 tentacled starspawn
  An Executioner (Abyss:3)
  An eldritch tentacle (WizLab)
  6 sphinxes
  The ghost of Blomdor the Severer, an adept BaSk of Okawaru (Spider:3)
  15 death cobs
  11 tengu reavers
  19 storm dragons
  10 shadow dragons
  5 ancient champions
  A thorn hunter (Swamp:3)
  2 revenants
  Donald (Spider:3)
  19 fire giants
  Roxanne (Swamp:1)
  9 draconian monks
  Louise (Swamp:1)
  A balrug (Abyss:3)
  5 deep elf sorcerers
  3 iron dragons
  12 frost giants
  6 ghost moths
  2 curse skulls
  16 vault wardens
  2 cacodemons (Depths:4)
  Aizul (Depths:3)
  12 draconian knights
  7 deep elf elementalists
  4 draconian scorchers
  6 emperor scorpions
  3 imperial myrmidons (Desolation)
  9 draconian shifters
  3 spriggan defenders (Depths:5)
  3 ghouls
  7 draconian stormcallers
  11 very ugly things
  A juggernaut skeleton (Depths:4)
  2 reapers (Depths:4)
  3 war gargoyles
  5 draconian annihilators
  15 ironheart preservers
  10 vampire knights
  20 stone giants
  14 deep elf demonologists
  32 purple draconians
  11 green draconians
  13 yellow draconians
  A halazid warlock (Desolation)
  A lorocyproca (Depths:4)
  19 black draconians
  The ghost of Cuchulain the Basher, a journeyman HOFi of Okawaru (D:13)
  10 deep elf annihilators
  8 spark wasps
  9 white draconians
  16 red draconians
  11 deep elf death magi
  2 crystal guardians (Desolation)
  7 eidola
  15 ettins
  10 fire dragons
  A green death (D:5)
  A merfolk impaler (Depths:4)
  11 great orbs of eyes
  6 ragged hierophants
  19 jiangshi
  Erolcha (Orc:2)
  14 yaktaur captains
  9 servants of whispers (Desolation)
  4 deep elf high priests
  19 ice dragons
  4 spriggan air magi
  31 vault guards
  8 rakshasas
  10 hydras
  9 peacekeepers (Desolation)
  A ghost crab (Swamp:4)
  9 centaur warriors
  Harold (Lair:1)
  A hell beast (Depths:3)
  41 two-headed ogres
  9 alligators
  An alligator (shapeshifter) (Vaults:5)
  A catoblepas (Lair:5)
  16 ogre magi
  7 tengu warriors
  11 deep troll shamans
  3 hell hogs (Depths:4)
  3 death yaks (Lair:5)
  9 death knights
  8 vampire magi
  7 deep troll earth magi
  27 dancing weapons
  3 thrashing horrors
  An orc high priest (Elf:1)
  Nergalle (Orc:2)
  6 sun demons
  A titan skeleton (Depths:4)
  6 shock serpents (Zot:2)
  The ghost of charan the Grappler, a novice TrMo of Okawaru (D:7)
  25 deep elf knights
  2 soul eaters
  3 iron trolls
  5 sixfirhies
  4 wretched stars (Abyss:3)
  41 skeletal warriors
  2 spatial maelstroms (Abyss:3)
  A fire crab (shapeshifter) (D:13)
  5 glowing orange brains
  6 shadow wraiths
  5 hell knights (Depths:3)
  An unseen horror (shapeshifter) (Vaults:3)
  An entropy weaver zombie (Crypt:2)
  An unseen horror (D:11)
  A swamp dragon (shapeshifter) (Depths:3)
  12 flayed ghosts
  23 deep trolls
  An obsidian statue (WizLab)
  4 wizards
  A lindwurm (shapeshifter) (Depths:4)
  6 starcursed masses (Abyss:3)
  A gelid demonspawn (D:9)
  A golden dragon skeleton (Crypt:1)
  8 necromancers
  24 deep elf archers
  A shambling mangrove (Swamp:1)
  A shadow dragon zombie (Crypt:3)
  8 harpies
  17 phantasmal warriors
  23 ironbrand convokers
  22 orb spiders
  93 deep elf magi
  35 wolf spiders
  14 cyclopes
  2 wolf spider zombies
  10 orc sorcerers
  A salamander (shapeshifter) (Depths:2)
  20 ugly things
  A fire giant zombie (Vaults:2)
  13 orc knights
  3 oklob plants (Lair:1)
  2 worldbinders (WizLab)
  A salamander (Depths:5)
  2 manticores (D:15)
  25 moths of wrath
  14 elephants
  A fire giant skeleton (WizLab)
  A frost giant skeleton (Vaults:1)
  2 naga magi (D:15)
  Joseph (D:8)
  9 guardian serpents
  A toenail golem (Zot:5)
  The ghost of schwasted the Skirmisher, a novice MiFi of Okawaru (D:6)
  A rust devil (Depths:5)
  17 vault sentinels
  8 black mambas
  3 ice statues (IceCv)
  2 gargoyles
  5 orange demons
  A stone giant skeleton (WizLab)
  A molten gargoyle (Desolation)
  5 smoke demons
  A red draconian zombie (Crypt:1)
  A rime drake (Lair:1)
  A yaktaur zombie (Vaults:1)
  A torpor snail (Lair:5)
  A human zombie (Vaults:1)
  24 spiny frogs
  11 demonic crawlers
  44 yaktaurs
  A storm dragon simulacrum (Depths:4)
  A hellion (Zot:5)
  5 komodo dragons
  3 anaconda simulacra (IceCv)
  An efreet (Abyss:3)
  3 dire elephant skeletons
  17 freezing wraiths
  3 tormentors
  A komodo dragon (shapeshifter) (D:14)
  An ancient zyme (WizLab)
  A kobold demonologist (D:15)
  3 tengu conjurers
  3 meliai (shapeshifter)
  4 red devils
  A spectral harpy (Crypt:3)
  A yaktaur skeleton (Vaults:2)
  10 polar bears
  A merfolk (shapeshifter) (Depths:2)
  A queen bee (shapeshifter) (Vaults:3)
  6 trolls
  2 golden dragon simulacra (IceCv)
  4 hellwings
  23 hornets
  2 queen bees
  A jumping spider (shapeshifter) (Depths:2)
  51 jumping spiders
  7 tyrant leeches
  A wind drake (shapeshifter) (Vaults:1)
  The ghost of pichaelthompson the Ducker, an amateur DrSk (Ossuary)
  12 ice devils
  3 meliai (D:14)
  A hornet (shapeshifter) (D:15)
  21 slime creatures
  A raiju (shapeshifter) (Vaults:1)
  13 hippogriffs
  A polar bear (shapeshifter) (Vaults:2)
  8 raiju
  12 dream sheep
  60 saltlings
  12 small abominations
  29 blink frogs
  8 bog bodies
  2 meliai zombies (D:15)
  A human simulacrum (Vaults:3)
  47 flying skulls
  A spectral manticore (Crypt:3)
  58 redbacks
  6 air elementals
  A guardian serpent skeleton (Crypt:2)
  A vampire (Depths:3)
  8 shadows
  11 water elementals
  The ghost of Vibarexel the Sneak, an amateur KoEn (D:4)
  2 tarantellas (shapeshifter) (Vaults:5)
  A dire elephant simulacrum (IceCv)
  2 spriggans (shapeshifter)
  20 spriggans
  23 wraiths
  5 large abominations
  A ynoxinul (D:6)
  A human (shapeshifter) (Depths:4)
  5 wyverns
  Eustachio (D:6)
  3 neqoxecs
  28 tarantellas
  3 basilisks
  6 fire elementals
  A hog (D:11)
  A hog (shapeshifter) (D:15)
  2 chaos spawn
  2 steam dragons
  A hungry ghost (D:15)
  44 yaks
  A yaktaur simulacrum (Vaults:3)
  5 swamp worm simulacra (Swamp:4)
  9 vampire mosquitoes
  3 harpy simulacra
  16 insubstantial wisps
  5 spatial vortices
  5 wargs
  17 swamp worms
  3 acid dragons
  14 hydra simulacra
  A soldier ant (shapeshifter) (D:13)
  A water moccasin (shapeshifter) (Depths:2)
  Duvessa (D:6)
  7 water moccasins
  5 porcupines
  35 orc warriors
  4 phantoms
  7 swamp drakes
  An infernal demonspawn skeleton (WizLab)
  An ettin simulacrum (IceCv)
  A black bear (shapeshifter) (Depths:5)
  A manticore zombie (Crypt:1)
  An eye of draining (shapeshifter) (Depths:1)
  4 eyes of draining
  6 ice beasts
  21 boggarts
  4 sky beasts
  11 black bears
  11 centaurs
  4 necrophages (Crypt:3)
  46 ogres
  32 wolves
  A blink frog zombie (Crypt:1)
  An ogre (shapeshifter) (Vaults:1)
  A lindwurm skeleton (Crypt:1)
  A wolf (shapeshifter) (Depths:2)
  A blink frog skeleton (Crypt:2)
  15 crocodiles
  The ghost of AverageBear the Cutter, an amateur DEFi (D:3)
  5 big kobolds
  A hog skeleton (Crypt:1)
  Blork the orc (D:6)
  13 bullfrogs
  A glowing shapeshifter simulacrum (Vaults:1)
  A draconian zombie (Crypt:1)
  A gnoll sergeant (D:8)
  2 earth elementals
  A hippogriff skeleton (Crypt:2)
  Dowan (D:6)
  An ogre simulacrum (Vaults:1)
  2 wyvern skeletons
  A hornet simulacrum (D:15)
  9 scorpions
  2 elf simulacra
  42 killer bees
  14 wights
  4 electric eels
  9 howler monkeys
  9 crimson imps
  6 centaur zombies
  A bullfrog zombie (D:13)
  7 jellies
  9 hounds
  4 quasits
  20 orc priests
  An iron imp (Depths:4)
  35 orc wizards
  6 centaur skeletons
  5 iguanas
  Jessica (D:3)
  A bullfrog skeleton (D:9)
  12 worker ants
  5 lightning spires (Zot:2)
  A naga zombie (Crypt:2)
  2 big kobold zombies (Ossuary)
  A felid skeleton (Crypt:1)
  A crocodile skeleton (Crypt:2)
  A hound skeleton (D:10)
  2 mummies (Ossuary)
  2 worker ant zombies
  Robin (D:3)
  3 gnolls (D:8)
  17 adders
  A steam dragon skeleton (Crypt:2)
  4 shadow imps
  3 swamp drake simulacra (Swamp:4)
  2 ufetubi
  A lava snake skeleton (Crypt:2)
  3 adder zombies
  4 worms
  2 dart slugs (D:2)
  10 leopard geckos
  104 orcs
  14 giant cockroaches
  12 goblins
  8 hobgoblins
  15 jackals
  23 kobolds
  2 quokkas
  4 ball pythons
  A ball python skeleton (D:4)
  5 bats
  7 frilled lizards
  A goblin zombie (Ossuary)
  8 hobgoblin zombies (Ossuary)
  4 jackal zombies
  7 kobold zombies (Ossuary)
  A leopard gecko skeleton (D:5)
  10 orc zombies (Ossuary)
  3 quokka skeletons
  9 rats
  3 rat zombies (Ossuary)
  5 fungi
  2 lurking horrors (WizLab)
  5 plants
  3 starspawn tentacles
3048 creatures vanquished.

Vanquished Creatures (others)
  A tentacled monstrosity (Zot:2)
  A lich (Depths:3)
  A storm dragon (Zot:2)
  A ghost moth (Zot:3)
  3 stone giants
  A black draconian (Zot:4)
  2 yaktaur captains
  2 deep elf knights (Elf:3)
  A sixfirhy (Zot:2)
  A deep elf mage (Elf:3)
  A moth of wrath (Zot:2)
  A cyclops (Vaults:1)
  A starcursed mass (Abyss:3)
  15 yaktaurs
  A tyrant leech (Swamp:1)
  3 vampire mosquitoes (Swamp:4)
  An orc warrior (Vaults:4)
  2 ogres
  5 ball lightnings (Zot:2)
  2 bushes
  13 fungi
  A lurking horror (WizLab)
  30 plants
  5 starspawn tentacles
95 creatures vanquished.

Grand Total: 3143 creatures vanquished

Notes
Turn   | Place    | Note
-------+----------+-------------------------------------------
     0 | D:1      | Blomdor the Barachi Skald began the quest for the Orb.
     0 | D:1      | Reached XP level 1. HP: 17/17 MP: 3/3
   107 | D:1      | Reached XP level 2. HP: 5/23 MP: 5/5
   885 | D:2      | Reached XP level 3. HP: 28/28 MP: 6/6
  1249 | D:3      | Noticed AverageBear's ghost (amateur DEFi)
  1567 | D:2      | Reached XP level 4. HP: 12/34 MP: 7/7
  1871 | D:3      | Killed AverageBear's ghost
  1871 | D:3      | Reached skill level 5 in Axes
  1871 | D:3      | Reached XP level 5. HP: 12/39 MP: 8/8
  2120 | D:3      | Noticed Robin
  2145 | D:3      | Killed Robin
  2608 | D:3      | Noticed Jessica
  2619 | D:3      | Killed Jessica
  3070 | D:2      | Reached XP level 6. HP: 23/46 MP: 9/9
  3298 | D:3      | Found a white marble altar of Elyvilon.
  3410 | D:4      | Noticed a phantom
  3432 | D:4      | Killed a phantom
  3432 | D:4      | Reached skill level 3 in Fighting
  3443 | D:4      | Noticed Sigmund
  3444 | D:4      | Noticed Sigmund
  3444 | D:4      | Sigmund changed into Sigmund the howler monkey
  3455 | D:4      | Killed Sigmund the howler monkey
  3479 | D:4      | Reached XP level 7. HP: 43/52 MP: 10/10
  3922 | D:4      | Noticed Vibarexel's ghost (amateur KoEn)
  3968 | D:4      | Killed Vibarexel's ghost
  4185 | D:4      | Reached skill level 4 in Fighting
  4439 | D:4      | Found a hide-covered altar of Uskayaw.
  4546 | D:4      | Reached XP level 8. HP: 56/61 MP: 11/11
  4924 | D:5      | Entered Level 5 of the Dungeon
  4984 | D:5      | Reached skill level 5 in Fighting
  5147 | D:5      | Reached skill level 5 in Armour
  5669 | D:5      | Found an opulent altar of Gozag.
  5669 | D:5      | Found a glowing silver altar of Zin.
  5837 | D:6      | Reached skill level 6 in Fighting
  5862 | D:6      | Reached skill level 10 in Axes
  5862 | D:6      | Reached XP level 9. HP: 64/69 MP: 12/12
  5901 | D:6      | Found a glowing drain.
  5933 | Sewer    | Entered a sewer
  6547 | D:6      | Noticed Blork the orc
  6554 | D:6      | Killed Blork the orc
  6573 | D:6      | Noticed schwasted's ghost (novice MiFi)
  6590 | D:6      | Killed schwasted's ghost
  6932 | D:6      | Found a staircase to the Ecumenical Temple.
  6953 | Temple   | Entered the Ecumenical Temple
  7007 | Temple   | Became a worshipper of Warmaster Okawaru
  7049 | D:6      | Reached skill level 7 in Fighting
  7311 | D:6      | Noticed Duvessa
  7320 | D:6      | Killed Duvessa
  7324 | D:6      | Noticed Dowan
  7343 | D:6      | Killed Dowan
  7470 | D:6      | Reached * piety under Okawaru
  7557 | D:6      | Noticed Eustachio
  7570 | D:6      | Killed Eustachio
  7570 | D:6      | Reached skill level 1 in Invocations
  7761 | D:7      | Found a transporter.
  7766 | D:7      | Found a transporter.
  7781 | D:7      | Found a sand-covered staircase.
  7806 | D:7      | Noticed charan's ghost (novice TrMo)
  7817 | D:7      | Killed charan's ghost
  7817 | D:7      | Reached skill level 8 in Fighting
  7817 | D:7      | Reached XP level 10. HP: 47/80 MP: 10/13
  8145 | Ossuary  | Entered an ossuary
  8152 | Ossuary  | Noticed pichaelthompson's ghost (amateur DrSk)
  8185 | Ossuary  | Killed pichaelthompson's ghost
  8647 | D:7      | Reached ** piety under Okawaru
  8744 | D:7      | Found an ancient bone altar of Kikubaaqudgha.
  8751 | D:7      | Found a blossoming altar of Fedhas.
  9079 | D:7      | Found a sparkling altar of Nemelex Xobeh.
  9403 | D:7      | Found a radiant altar of Vehumet.
  9413 | D:7      | Found a stormy altar of Qazlal.
  9585 | D:8      | Reached *** piety under Okawaru
  9929 | D:8      | Reached skill level 9 in Fighting
 10156 | D:8      | Noticed Joseph
 10166 | D:8      | Killed Joseph
 10327 | D:8      | Reached XP level 11. HP: 77/89 MP: 14/14
 10391 | D:8      | Reached **** piety under Okawaru
 10761 | D:9      | Noticed a white ugly thing
 10781 | D:9      | Killed a white ugly thing
 11444 | D:9      | Found an ornate altar of the Wu Jian Council.
 11576 | D:9      | Noticed a cyclops
 11591 | D:9      | Killed a cyclops
 11729 | D:9      | Reached ***** piety under Okawaru
 11793 | D:9      | Reached skill level 10 in Fighting
 11799 | D:9      | Reached skill level 5 in Invocations
 11834 | D:9      | HP: 4/90 [killer bee (7)]
 12827 | D:10     | Entered Level 10 of the Dungeon
 13060 | D:10     | Found a staircase to the Orcish Mines.
 13629 | D:11     | Noticed an unseen horror
 13640 | D:11     | Killed an unseen horror
 13647 | D:11     | Received a gift from Okawaru
 13656 | D:11     | Noticed a cyclops
 13658 | D:11     | Noticed a cyclops
 13669 | D:11     | Reached XP level 12. HP: 40/98 MP: 16/16
 13707 | D:11     | Got a faintly glowing war axe {god gift}
 13708 | D:11     | Identified the +12 war axe of the Penguin {chop, rPois rF++} (Okawaru gifted it to you on level 11 of the Dungeon)
 13947 | Orc:1    | Entered Level 1 of the Orcish Mines
 13975 | Orc:1    | Reached skill level 10 in Armour
 14275 | Orc:1    | You fall through a shaft!
 14275 | Orc:2    | Entered Level 2 of the Orcish Mines
 14277 | Orc:2    | Found a staircase to the Elven Halls.
 14279 | Orc:2    | Noticed a soul eater
 14289 | Orc:2    | Paralysed by an orc sorcerer for 2 turns
 14294 | Orc:2    | Reached skill level 1 in Shields
 14395 | Orc:2    | Noticed a two-headed ogre
 14408 | Orc:2    | Killed a two-headed ogre
 14601 | Orc:1    | Received a gift from Okawaru
 14992 | Orc:1    | Reached skill level 11 in Fighting
 15351 | Orc:2    | Received a gift from Okawaru
 15354 | Orc:2    | Got a slimy cloak {god gift}
 15355 | Orc:2    | Identified the +0 cloak of Gotwan Cego {rC+ Regen+} (Okawaru gifted it to you on level 2 of the Orcish Mines)
 15394 | Orc:2    | Noticed an ogre mage
 15424 | Orc:2    | Killed an ogre mage
 15424 | Orc:2    | Reached ****** piety under Okawaru
 15465 | Orc:2    | Found Hymaowos's Distillery.
 15503 | Orc:2    | Bought a potion of heal wounds for 65 gold pieces
 15503 | Orc:2    | Bought a potion of curing for 39 gold pieces
 15503 | Orc:2    | Bought a potion of curing for 39 gold pieces
 15562 | Orc:2    | Found an ancient bone altar of Kikubaaqudgha.
 15562 | Orc:2    | Noticed Nergalle
 15570 | Orc:2    | Reached skill level 15 in Axes
 15580 | Orc:2    | Killed Nergalle
 15583 | Orc:2    | Found Pinok's Gadget Emporium.
 15619 | Orc:2    | Found a radiant altar of Vehumet.
 15619 | Orc:2    | Noticed Erolcha
 15628 | Orc:2    | Killed Erolcha
 15679 | Orc:2    | Found a roughly hewn altar of Beogh.
 15679 | Orc:2    | Noticed an ogre mage
 15698 | Orc:2    | Killed an ogre mage
 15770 | Orc:2    | Found Ekkiets's Antique Weapon Shoppe.
 15770 | Orc:2    | Found Cilae's Magic Scroll Emporium.
 15819 | Orc:2    | Bought a scroll of acquirement for 780 gold pieces
 15923 | Orc:2    | Noticed a two-headed ogre
 15930 | Orc:2    | Killed a two-headed ogre
 15930 | Orc:2    | Received a gift from Okawaru
 15930 | Orc:2    | Gained mutation: You can hop longer distances. [Barachi growth]
 15930 | Orc:2    | Reached XP level 13. HP: 93/107 MP: 17/17
 16273 | D:11     | Found a huge runed gate.
 16273 | D:11     | Found a huge runed gate.
 16273 | D:11     | Found a huge runed gate.
 16273 | D:11     | Found a huge runed gate.
 16389 | D:11     | Reached skill level 5 in Shields
 16520 | D:11     | Reached skill level 12 in Fighting
 16536 | D:11     | Found a staircase to the Lair.
 16855 | Lair:1   | Entered Level 1 of the Lair of Beasts
 17127 | Lair:2   | Found a hole to the Spider Nest.
 17351 | Lair:1   | Noticed Harold
 17367 | Lair:1   | Killed Harold
 17890 | Lair:1   | Received a gift from Okawaru
 19208 | Lair:3   | Found a staircase to the Swamp.
 19236 | Lair:3   | Reached XP level 14. HP: 70/116 MP: 18/18
 19970 | Lair:4   | Received a gift from Okawaru
 19970 | Lair:4   | Reached skill level 13 in Fighting
 20820 | Lair:5   | Received a gift from Okawaru
 20825 | Lair:5   | Got a scorched chain mail {god gift}
 20826 | Lair:5   | Identified the +0 chain mail of Fallacy {rF+ Int+6} (Okawaru gifted it to you on level 5 of the Lair of Beasts)
 20983 | Lair:5   | Found a viscous altar of Jiyva.
 20983 | Lair:5   | Found a staircase to the Slime Pits.
 21453 | Lair:6   | Entered Level 6 of the Lair of Beasts
 21864 | Lair:6   | Received a gift from Okawaru
 21893 | Lair:6   | Got a twisted helmet {god gift}
 22054 | Lair:6   | Identified the +2 helmet of the Two of Swords {Stlth+} (Okawaru gifted it to you on level 6 of the Lair of Beasts)
 22179 | Lair:6   | Reached XP level 15. HP: 125/125 MP: 19/19
 22424 | Lair:6   | Reached skill level 14 in Fighting
 24468 | D:13     | Noticed Cuchulain's ghost (journeyman HOFi)
 24495 | D:13     | Killed Cuchulain's ghost
 24579 | D:13     | Found a runed door.
 24579 | D:13     | Found a runed door.
 24619 | D:13     | Received a gift from Okawaru
 24636 | D:13     | Got a dazzling battleaxe {god gift}
 24767 | D:13     | Identified the +7 battleaxe "Xoajosk" {holy, +Inv rPois} (Okawaru gifted it to you on level 13 of the Dungeon)
 24779 | D:13     | Identified the Catalogue of Earthen Snow
 25378 | D:14     | Received a gift from Okawaru
 25383 | D:14     | Got a brightly glowing hat {god gift}
 25401 | D:14     | Identified the +2 hat of Socleoga {rCorr Str+4 Dex+2} (Okawaru gifted it to you on level 14 of the Dungeon)
 25504 | D:14     | Reached skill level 10 in Shields
 25867 | D:14     | Found a gate to the Vaults.
 26034 | D:15     | Entered Level 15 of the Dungeon
 26043 | D:15     | Reached XP level 16. HP: 101/134 MP: 20/20
 26198 | D:15     | Noticed Sonja
 26202 | D:15     | Noticed Sonja
 26202 | D:15     | Sonja changed into Sonja the water moccasin
 26207 | D:15     | Killed Sonja the water moccasin
 26417 | D:15     | Noticed Rupert
 26436 | D:15     | Killed Rupert
 26436 | D:15     | Reached skill level 15 in Fighting
 26647 | D:15     | Received a gift from Okawaru
 26838 | D:15     | Found a staircase to the Depths.
 27078 | Spider:1 | Entered Level 1 of the Spider Nest
 27312 | Spider:1 | Reached skill level 15 in Armour
 27641 | Spider:1 | Received a gift from Okawaru
 27646 | Spider:1 | Got a pair of steaming boots {god gift}
 27647 | Spider:1 | Identified the +2 pair of boots "Ruuqatob" {rElec Int+7 Dex-5 Stlth+} (Okawaru gifted it to you on level 1 of the Spider Nest)
 27914 | Spider:2 | Found a frozen archway.
 27922 | IceCv    | Entered an ice cave
 28223 | IceCv    | Reached XP level 17. HP: 120/143 MP: 21/21
 28280 | IceCv    | Noticed an Ice Fiend
 28314 | IceCv    | Killed an Ice Fiend
 28534 | IceCv    | Gained mutation: You are partially covered in thin metallic scales. (AC +2) [potion of mutation]
 28534 | IceCv    | Gained mutation: You are agile. (Dex +2) [potion of mutation]
 29057 | Spider:3 | Received a gift from Okawaru
 29161 | Spider:3 | Reached skill level 16 in Fighting
 29196 | Spider:3 | Noticed Blomdor's ghost (adept BaSk)
 29204 | Spider:3 | Noticed Arachne
 29227 | Spider:3 | Killed Blomdor's ghost
 29445 | Spider:2 | Killed Arachne
 29586 | Spider:3 | Noticed Donald
 29600 | Spider:3 | Killed Donald
 29952 | Spider:4 | Entered Level 4 of the Spider Nest
 30038 | Spider:4 | Received a gift from Okawaru
 30357 | Spider:4 | Noticed Bai Suzhen
 30369 | Spider:4 | Killed Bai Suzhen
 30751 | Spider:4 | Reached XP level 18. HP: 153/153 MP: 16/22
 30755 | Spider:4 | Received a gift from Okawaru
 31047 | Spider:4 | Got a gossamer rune of Zot
 31400 | Elf:1    | Entered Level 1 of the Elven Halls
 31522 | Elf:1    | Reached skill level 17 in Fighting
 31534 | Elf:1    | Got a slimy battleaxe
 31535 | Elf:1    | Identified the +6 battleaxe of Valiance {chop, rF+ Str+7 Int+4} (You found it on level 1 of the Elven Halls)
 31703 | Elf:1    | Received a gift from Okawaru
 31706 | Elf:1    | Got a polished cloak {god gift}
 31717 | Elf:1    | Identified the +0 cloak of Twilight {Int+3} (Okawaru gifted it to you on level 1 of the Elven Halls)
 31770 | Elf:1    | Reached skill level 5 in Dodging
 32316 | Elf:2    | Found Vupuiful's Distillery.
 32327 | Elf:2    | Bought a potion of curing for 36 gold pieces
 32327 | Elf:2    | Bought a potion of heal wounds for 60 gold pieces
 32327 | Elf:2    | Bought a potion of resistance for 120 gold pieces
 32327 | Elf:2    | Bought a potion of agility for 48 gold pieces
 32327 | Elf:2    | Bought 2 potions of berserk rage for 120 gold pieces
 32350 | Elf:2    | Found Heseamy's Distillery.
 32418 | Elf:2    | Bought 2 potions of might for 136 gold pieces
 32418 | Elf:2    | Bought 2 potions of curing for 102 gold pieces
 32418 | Elf:2    | Bought a potion of resistance for 170 gold pieces
 32418 | Elf:2    | Bought a potion of haste for 170 gold pieces
 32418 | Elf:2    | Bought a potion of agility for 68 gold pieces
 32418 | Elf:2    | Bought a potion of berserk rage for 85 gold pieces
 32418 | Elf:2    | Bought a potion of might for 68 gold pieces
 32431 | Elf:2    | Found Geass's Magic Scroll Boutique.
 32450 | Elf:2    | Bought a scroll of identify for 32 gold pieces
 32450 | Elf:2    | Bought a scroll of acquirement for 832 gold pieces
 32450 | Elf:2    | Bought a scroll of enchant armour for 120 gold pieces
 32450 | Elf:2    | Bought a scroll of enchant armour for 120 gold pieces
 32450 | Elf:2    | Bought a scroll of identify for 32 gold pieces
 32450 | Elf:2    | Bought a scroll of identify for 32 gold pieces
 32450 | Elf:2    | Bought a scroll of teleportation for 48 gold pieces
 32451 | Elf:2    | Got a vibrating silver ring
 32452 | Elf:2    | Identified the ring "Watris" {Str+3 Stlth+} (You acquired it on level 2 of the Elven Halls)
 32506 | Elf:2    | Found Puides's Weapon Shop.
 32635 | Elf:2    | Found Ufuxufozxi's Weapon Boutique.
 32845 | Elf:2    | Found a runed gate.
 32845 | Elf:2    | Found a runed gate.
 32845 | Elf:2    | Found a runed gate.
 32919 | Elf:2    | Received a gift from Okawaru
 32938 | Elf:2    | Noticed a deep elf blademaster
 32952 | Elf:2    | Killed a deep elf blademaster
 32952 | Elf:2    | Reached XP level 19. HP: 122/162 MP: 20/23
 33326 | Elf:3    | Entered Level 3 of the Elven Halls
 33346 | Elf:3    | Reached skill level 18 in Fighting
 33700 | Elf:3    | Gained mutation: You tend to lose your temper in combat. [a neqoxec]
 33702 | Elf:3    | Gained mutation: You expend magic power (3 MP) to strengthen your wands. [a neqoxec]
 33708 | Elf:3    | Lost mutation: You are agile. (Dex +2) [potion of mutation]
 33708 | Elf:3    | Gained mutation: You are mostly covered in thin metallic scales. (AC +3) [potion of mutation]
 33708 | Elf:3    | Gained mutation: You are partially covered in iridescent scales. (AC +2) [potion of mutation]
 33709 | Elf:3    | Lost mutation: You tend to lose your temper in combat. [potion of mutation]
 33709 | Elf:3    | Lost mutation: You expend magic power (3 MP) to strengthen your wands. [potion of mutation]
 33709 | Elf:3    | Lost mutation: You are partially covered in iridescent scales. (AC +2) [potion of mutation]
 33709 | Elf:3    | Gained mutation: You have large cloven feet. [potion of mutation]
 33709 | Elf:3    | Gained mutation: You have a pair of small horns on your head. [potion of mutation]
 33855 | Elf:3    | Found Puohiutu's Book Boutique.
 33999 | Elf:3    | Received a gift from Okawaru
 34050 | Elf:3    | Cast into level 3 of the Abyss (a deep elf sorcerer)
 34053 | Abyss:3  | Found a corrupted altar of Lugonu.
 34060 | Abyss:3  | Got a warped hat
 34061 | Abyss:3  | Identified the cursed +0 hat "Ynnetath" {-Tele Regen+ Dex+3 Stlth+} (You found it on level 3 of the Abyss)
 34158 | Abyss:3  | Received a gift from Okawaru
 34276 | Elf:3    | Escaped the Abyss
 34286 | Elf:3    | Reached skill level 15 in Shields
 34500 | Elf:3    | Received a gift from Okawaru
 34530 | Elf:3    | Reached XP level 20. HP: 151/172 MP: 24/24
 34769 | Elf:3    | Noticed a Tzitzimitl
 34775 | Elf:3    | Cast into level 3 of the Abyss (a deep elf demonologist)
 34849 | Abyss:3  | Reached skill level 10 in Dodging
 34891 | Abyss:3  | Received a gift from Okawaru
 34922 | Abyss:3  | Found a corrupted altar of Lugonu.
 34983 | Abyss:3  | Reached skill level 19 in Fighting
 35006 | Abyss:3  | Noticed a bone dragon
 35023 | Abyss:3  | Killed a bone dragon
 35028 | Abyss:3  | Noticed a bone dragon
 35051 | Abyss:3  | Killed a bone dragon
 35063 | Elf:3    | Escaped the Abyss
 35070 | Elf:3    | Got a coiled sapphire amulet
 35139 | Elf:3    | Identified the amulet "Isets" {Reflect rN+ Str+4 Slay+2 SH+3} (You took it off a deep elf demonologist on level 3 of the Elven Halls)
 35147 | Elf:3    | Got a brightly glowing marble ring
 35155 | Elf:3    | Got a transparent wooden ring
 35176 | Elf:3    | Identified the ring of Roesien {rPois MR- Str+5 Stlth-} (You took it off a deep elf annihilator on level 3 of the Elven Halls)
 35178 | Elf:3    | Identified the ring "Xela" {Str+4 Int-3 Stlth+} (You found it on level 3 of the Elven Halls)
 35183 | Elf:3    | Got a sparkling lapis lazuli ring
 35193 | Elf:3    | Found the +6 lightning scales {run, rElec}
 35609 | Elf:3    | Identified the ring "Vaed" {rC- rN+ Str+2 SInv} (You found it on level 3 of the Elven Halls)
 35898 | Swamp:1  | Entered Level 1 of the Swamp
 35967 | Swamp:1  | Noticed Roxanne
 35987 | Swamp:1  | Killed Roxanne
 35987 | Swamp:1  | Received a gift from Okawaru
 36830 | Swamp:1  | Noticed Louise
 36853 | Swamp:1  | Killed Louise
 38450 | Swamp:4  | Entered Level 4 of the Swamp
 38831 | Swamp:4  | Got a decaying rune of Zot
 38894 | Swamp:4  | Reached XP level 21. HP: 171/181 MP: 25/25
 38937 | Swamp:4  | Received a gift from Okawaru
 39622 | Vaults:1 | Entered Level 1 of the Vaults
 39626 | Vaults:1 | Noticed Saint Roka
 39651 | Vaults:1 | Killed Saint Roka
 39899 | Vaults:1 | Found a portal to a secret trove of treasure.
 39950 | Vaults:1 | Received a gift from Okawaru
 39963 | Vaults:1 | Got a scorched hat {god gift}
 39964 | Vaults:1 | Identified the +2 hat of Gravitas {rPois rN+ Int-4 Slay+4} (Okawaru gifted it to you on level 1 of the Vaults)
 40040 | Vaults:1 | Found a ruined gateway.
 40060 | Desolati | Entered the Desolation of Salt
 40068 | Desolati | Reached skill level 20 in Fighting
 40220 | Desolati | Found the +8 whip "Snakebite" {curare, rPois}
 40513 | Desolati | Received a gift from Okawaru
 40537 | Desolati | Got a sparkling ruby amulet
 40558 | Desolati | Got a pair of bloodstained gloves {god gift}
 40743 | Desolati | Got a sparkling amber ring
 40770 | Desolati | Identified the cursed ring "Duapiunall" {rC- AC-6 Int+5} (You found it in the Desolation of Salt)
 40782 | Desolati | Identified the +1 pair of gloves of Evolution {rElec Dex+5} (Okawaru gifted it to you in the Desolation of Salt)
 40793 | Desolati | Identified the amulet of Disaster {Reflect rN+ SH+5} (You found it in the Desolation of Salt)
 41218 | Vaults:1 | Reached XP level 22. HP: 180/192 MP: 26/26
 42077 | Vaults:2 | Found a staircase to the Crypt.
 42108 | Crypt:1  | Entered Level 1 of the Crypt
 42356 | Crypt:1  | Received a gift from Okawaru
 42360 | Crypt:1  | Got a polished crystal plate armour {god gift}
 42361 | Crypt:1  | Identified the +9 crystal plate armour of Vanell {rF++ Slay-3} (Okawaru gifted it to you on level 1 of the Crypt)
 42457 | Crypt:1  | Reached skill level 21 in Fighting
 43054 | Crypt:2  | Noticed Mennas
 43128 | Crypt:2  | Killed Mennas
 43722 | Crypt:3  | Entered Level 3 of the Crypt
 43842 | Crypt:3  | Found a basalt altar of Yredelemnul.
 43873 | Crypt:3  | Reached XP level 23. HP: 180/201 MP: 27/27
 43932 | Crypt:3  | Received a gift from Okawaru
 44120 | Crypt:3  | Got a scintillating platinum ring
 44120 | Crypt:3  | Got a twitching wooden ring
 44129 | Crypt:3  | Identified the ring "Egeg" {rN+ MR++} (You found it on level 3 of the Crypt)
 44134 | Crypt:3  | Identified the ring of Cowardice {rPois rN+ Slay+3} (You found it on level 3 of the Crypt)
 44215 | Crypt:3  | Found a staircase to the Tomb.
 44941 | Vaults:2 | Reached skill level 15 in Dodging
 45181 | Vaults:2 | Received a gift from Okawaru
 45217 | Vaults:2 | Reached skill level 22 in Fighting
 45865 | Vaults:3 | Found a magical portal.
 45875 | WizLab   | Entered The Roulette of Golubria
 45875 | WizLab   | Found a transporter.
 45884 | WizLab   | Found a corrupted altar of Lugonu.
 45903 | WizLab   | Found a transporter.
 45948 | WizLab   | Found a transporter.
 46002 | WizLab   | Found a transporter.
 46005 | WizLab   | Found a transporter.
 46025 | WizLab   | Found a transporter.
 46049 | WizLab   | Found the +1 cloak of Starlight {rElec rC+ EV+4 Stlth--}
 46059 | WizLab   | Received a gift from Okawaru
 46069 | WizLab   | Found a corrupted altar of Lugonu.
 46083 | WizLab   | Found a corrupted altar of Lugonu.
 46089 | WizLab   | Found a transporter.
 46111 | WizLab   | Found a transporter.
 46165 | WizLab   | Found a transporter.
 46176 | WizLab   | Found a transporter.
 46176 | WizLab   | Found a transporter.
 46273 | WizLab   | Found a transporter.
 46281 | WizLab   | Found a transporter.
 46360 | WizLab   | Found a transporter.
 46360 | WizLab   | Found a transporter.
 46387 | WizLab   | Found a transporter.
 46387 | WizLab   | Found a transporter.
 46419 | WizLab   | Gained mutation: You occasionally shout uncontrollably at your foes. [a neqoxec]
 46485 | WizLab   | Got a faintly glowing cloak
 46486 | WizLab   | Identified the +1 cloak of Evolution {rC+ rN+ MR- rCorr} (You found it in a wizard's laboratory)
 46535 | WizLab   | Found a transporter.
 46535 | WizLab   | Found a transporter.
 46545 | WizLab   | Reached XP level 24. HP: 97/211 MP: 27/27
 46802 | WizLab   | Found a transporter.
 46831 | WizLab   | Got a sparkling wooden ring
 46833 | WizLab   | Identified the ring "Atwaqisub" {rElec rPois rN+ Int-3} (You took it off a rakshasa in a wizard's laboratory)
 47220 | Vaults:3 | Received a gift from Okawaru
 47372 | Vaults:3 | Got a dazzling chain mail
 48181 | Vaults:4 | Reached skill level 23 in Fighting
 48785 | Vaults:5 | Entered Level 5 of the Vaults
 48804 | Vaults:5 | Received a gift from Okawaru
 48851 | Vaults:5 | Reached XP level 25. HP: 142/221 MP: 27/27
 49084 | Vaults:5 | Received a gift from Okawaru
 49134 | Vaults:5 | Got a pair of distressingly furry boots {god gift}
 49145 | Vaults:5 | Identified the +0 pair of boots "Odaf" {+Inv MR+ Str+7} (Okawaru gifted it to you on level 5 of the Vaults)
 49176 | Vaults:5 | Got a translucent graven amulet
 49351 | Vaults:5 | Found Wetem's Food Boutique.
 49352 | Vaults:5 | Found the amulet of the Air {Inacc +Fly rElec EV+5 RMsl}
 49423 | Vaults:5 | Identified the amulet of Brilliance {rF+ rN+ Regen+} (You found it on level 5 of the Vaults)
 49497 | Vaults:5 | Reached skill level 24 in Fighting
 49774 | Vaults:5 | Got a silver rune of Zot
 49963 | Vaults:5 | Received a gift from Okawaru
 49966 | Vaults:5 | Got a shimmering crystal plate armour {god gift}
 49984 | Vaults:5 | Identified the +11 crystal plate armour of Goruxest {rPois} (Okawaru gifted it to you on level 5 of the Vaults)
 50503 | Vaults:1 | You paid a toll of 17 potions of curing to enter a treasure trove
 50504 | Trove    | Entered a treasure trove
 50512 | Trove    | Got a sparkling copper ring
 50516 | Trove    | Got a fine iron ring
 50518 | Trove    | Got a scorched wooden ring
 50520 | Trove    | Got a smoking turquoise ring
 50522 | Trove    | Got a flickering copper amulet
 50525 | Trove    | Got a bound steel ring
 50531 | Trove    | Got a steaming golden ring
 50539 | Trove    | Identified the ring "Tinorom" {rElec rF- rC+ Dex+3} (You found it in a treasure trove)
 50541 | Trove    | Identified the ring "Rodot" {+Fly rN+ MP+9} (You found it in a treasure trove)
 50543 | Trove    | Identified the ring of Yffusos {rN+ AC+2} (You found it in a treasure trove)
 50545 | Trove    | Identified the ring "Otucius" {Str+4 Slay+3} (You found it in a treasure trove)
 50547 | Trove    | Identified the amulet of Optimism {Regen+ Int+2} (You found it in a treasure trove)
 50549 | Trove    | Identified the ring of Lugonu's Whim {rF+ rC+ MR+ Int+3} (You found it in a treasure trove)
 50551 | Trove    | Identified the ring "Yvimeb" {+Fly rPois rN+} (You found it in a treasure trove)
 50760 | Depths:1 | Entered Level 1 of the Depths
 50767 | Depths:1 | Reached XP level 26. HP: 219/233 MP: 27/27
 50902 | Depths:1 | Found a gateway to Hell.
 50976 | Depths:1 | Noticed Asterion
 50987 | Depths:1 | Killed Asterion
 51474 | Depths:2 | Found a gateway to a ziggurat.
 51474 | Depths:2 | Found a one-way gate to the infinite horrors of the Abyss.
 51475 | Depths:2 | Found a one-way gate leading to the halls of Pandemonium.
 51504 | Depths:2 | Noticed Sojobo
 51513 | Depths:2 | Killed Sojobo
 51668 | Depths:2 | Found a hide-covered altar of Uskayaw.
 51668 | Depths:2 | Found a glowing golden altar of the Shining One.
 51669 | Depths:2 | Found a shadowy altar of Dithmenos.
 51708 | Depths:2 | Reached skill level 25 in Fighting
 51752 | Depths:2 | Received a gift from Okawaru
 52101 | Depths:2 | Received a gift from Okawaru
 52136 | Depths:2 | Got an ichor-stained executioner's axe {god gift}
 52137 | Depths:2 | Identified the +6 executioner's axe of the Eleven Stars {drain, +Inv rF+ rC- Stlth+} (Okawaru gifted it to you on level 2 of the Depths)
 53365 | Depths:3 | Reached XP level 27. HP: 243/243 MP: 27/27
 53402 | Depths:3 | Noticed an ancient lich
 53403 | Depths:3 | Noticed an ancient lich
 53435 | Depths:3 | Killed an ancient lich
 53435 | Depths:3 | Received a gift from Okawaru
 53438 | Depths:3 | Noticed Aizul
 53446 | Depths:3 | Killed an ancient lich
 53460 | Depths:3 | Killed Aizul
 53520 | Depths:3 | Reached skill level 26 in Fighting
 53576 | Depths:3 | Got a heavily runed turquoise ring
 53640 | Depths:3 | Identified the ring of Imeteb {+Fly rC+} (You found it on level 3 of the Depths)
 53706 | Depths:3 | Found Dobuw's Blood Bar.
 54355 | Depths:3 | Gained mutation: You are dopey. (Int -2) [a neqoxec]
 54548 | Depths:4 | Found Redep's Jewellery Shop.
 54557 | Depths:4 | Found Paczae's Distillery.
 54566 | Depths:4 | Found a gateway to a bazaar.
 54584 | Bazaar   | Entered a bazaar
 54598 | Bazaar   | Found Matucw's Gadget Shoppe.
 54598 | Bazaar   | Found Cittipti's Book Emporium.
 54617 | Bazaar   | Found Xidor's Weapon Shoppe.
 54632 | Bazaar   | Found Ifessah's Distillery.
 54636 | Bazaar   | Bought a potion of curing for 30 gold pieces
 54636 | Bazaar   | Bought a potion of haste for 100 gold pieces
 54636 | Bazaar   | Bought a potion of mutation for 80 gold pieces
 54636 | Bazaar   | Bought a potion of mutation for 80 gold pieces
 54636 | Bazaar   | Bought a potion of berserk rage for 50 gold pieces
 54636 | Bazaar   | Bought a potion of agility for 40 gold pieces
 54636 | Bazaar   | Bought a potion of might for 40 gold pieces
 54636 | Bazaar   | Bought a potion of agility for 40 gold pieces
 54663 | Depths:4 | Bought a potion of curing for 54 gold pieces
 54663 | Depths:4 | Bought a potion of heal wounds for 90 gold pieces
 54663 | Depths:4 | Bought a potion of haste for 180 gold pieces
 54663 | Depths:4 | Bought a potion of haste for 180 gold pieces
 54663 | Depths:4 | Bought 2 potions of heal wounds for 180 gold pieces
 54663 | Depths:4 | Bought a potion of invisibility for 144 gold pieces
 54663 | Depths:4 | Bought a potion of might for 72 gold pieces
 54663 | Depths:4 | Bought a potion of curing for 54 gold pieces
 54663 | Depths:4 | Bought a potion of might for 72 gold pieces
 54663 | Depths:4 | Bought a potion of berserk rage for 90 gold pieces
 54663 | Depths:4 | Bought a potion of mutation for 144 gold pieces
 54695 | Depths:4 | Found Icre's Armour Boutique.
 54736 | Depths:4 | Found a glowing golden altar of the Shining One.
 54768 | Depths:4 | Identified Joutiteett's Reference Book on Noxious Transmutation
 54859 | Depths:4 | Reached skill level 27 in Fighting
 54893 | Depths:4 | Found Pulocso's Food Shop.
 54898 | Depths:4 | Received a gift from Okawaru
 54982 | Depths:4 | Reached skill level 1 in Evocations
 55311 | Depths:4 | Got a brightly glowing helmet
 55312 | Depths:4 | Identified the +1 helmet "Zekhlomm" {rF+ rN++} (You found it on level 4 of the Depths)
 55468 | Depths:5 | Entered Level 5 of the Depths
 55478 | Depths:5 | Found Gilub's Antique Armour Emporium.
 55479 | Depths:5 | Found Fonuts's Assorted Antiques.
 55543 | Depths:5 | Bought a pair of crude boots for 218 gold pieces
 55543 | Depths:5 | Bought a faintly glowing plate armour for 644 gold pieces
 55543 | Depths:5 | Bought a slimy chain mail for 218 gold pieces
 55543 | Depths:5 | Identified the +2 pair of boots "Ipsaso" {rElec Int+3} (You bought it in a shop on level 5 of the Depths)
 55555 | Depths:5 | Identified the +10 plate armour "Pishrapre" {Int+4 Dex+2} (You bought it in a shop on level 5 of the Depths)
 55565 | Depths:5 | Identified the cursed +1 chain mail of the Sun {Str+4} (You bought it in a shop on level 5 of the Depths)
 55584 | Depths:5 | Bought a scroll of identify for 54 gold pieces
 55584 | Depths:5 | Bought a sack of spiders for 540 gold pieces
 55678 | Depths:5 | Reached skill level 5 in Evocations
 55723 | Depths:5 | Found a gate to the Realm of Zot.
 56026 | Depths:5 | Noticed the Enchantress
 56045 | Depths:5 | Killed the Enchantress
 56058 | Depths:5 | Got faerie dragon scales
 56059 | Depths:5 | Identified the +4 faerie dragon scales {rElec rF+++ MR- rCorr Int+2} (You took it off the Enchantress on level 5 of the Depths)
 56262 | Zot:1    | Entered Level 1 of the Realm of Zot
 56594 | Zot:1    | Received a gift from Okawaru
 56623 | Zot:1    | Reached skill level 10 in Evocations
 57587 | Zot:2    | Found the brooch of Shielding {Reflect SH+8}
 57618 | Zot:2    | Received a gift from Okawaru
 57817 | Zot:2    | Received a gift from Okawaru
 58471 | Zot:2    | Received a gift from Okawaru
 58917 | Zot:3    | Received a gift from Okawaru
 58939 | Zot:3    | Got an ancient hat {god gift}
 58940 | Zot:3    | Identified the +1 hat of Freedom {rF++ rC+} (Okawaru gifted it to you on level 3 of the Realm of Zot)
 60064 | Zot:4    | Received a gift from Okawaru
 60097 | Zot:4    | Reached skill level 15 in Evocations
 60122 | Zot:4    | Got an encrusted broad axe
 60150 | Zot:4    | Got a slimy jade ring
 60184 | Zot:4    | Got a fine amber ring
 60264 | Zot:4    | Identified the +8 broad axe of Reinforcement {speed, SInv Stlth+} (You found it on level 4 of the Realm of Zot)
 60267 | Zot:4    | Identified the ring of Rajinax {rN+ MP+9} (You found it on level 4 of the Realm of Zot)
 60269 | Zot:4    | Identified the ring of Gafeur {+Fly rF+ Str+3} (You found it on level 4 of the Realm of Zot)
 60285 | Zot:4    | Noticed an orb of fire
 60300 | Zot:4    | Killed an orb of fire
 60882 | Zot:5    | Entered Level 5 of the Realm of Zot
 60905 | Zot:5    | Noticed an orb of fire
 60905 | Zot:5    | Gained mutation: You are very dopey. (Int -4) [an orb of fire]
 60907 | Zot:5    | Noticed an orb of fire
 60909 | Zot:5    | Noticed an orb of fire
 60914 | Zot:5    | Noticed an orb of fire
 60914 | Zot:5    | Noticed an orb of fire
 60915 | Zot:5    | Received a gift from Okawaru
 60918 | Zot:5    | Killed an orb of fire
 60919 | Zot:5    | Killed an orb of fire
 60926 | Zot:5    | Killed an orb of fire
 60927 | Zot:5    | Received a gift from Okawaru
 60929 | Zot:5    | Noticed an ancient lich
 60934 | Zot:5    | Killed an orb of fire
 60941 | Zot:5    | Killed an orb of fire
 60945 | Zot:5    | Killed an ancient lich
 61226 | Zot:5    | Noticed an orb of fire
 61235 | Zot:5    | Gained mutation: Your magical capacity is low. (-10% MP) [an orb of fire]
 61236 | Zot:5    | Killed an orb of fire
 61239 | Zot:5    | Noticed an orb of fire
 61240 | Zot:5    | Noticed an orb of fire
 61243 | Zot:5    | Noticed an orb of fire
 61246 | Zot:5    | Gained mutation: You are weak. (Str -2) [an orb of fire]
 61246 | Zot:5    | Gained mutation: Scrolls take you a little longer to read. [an orb of fire]
 61247 | Zot:5    | Noticed an orb of fire
 61250 | Zot:5    | Gained mutation: You expend magic power (3 MP) to strengthen your wands. [an orb of fire]
 61255 | Zot:5    | Killed an orb of fire
 61257 | Zot:5    | Gained mutation: Your magical capacity is very low. (-20% MP) [an orb of fire]
 61258 | Zot:5    | Killed an orb of fire
 61262 | Zot:5    | Killed an orb of fire
 61264 | Zot:5    | Killed an orb of fire
 61275 | Zot:5    | Received a gift from Okawaru
 61276 | Zot:5    | Found the +8 mithril axe "Arga" {speed, MR+}
 61451 | Zot:5    | Lost mutation: You have a pair of small horns on your head. [potion of mutation]
 61451 | Zot:5    | Lost mutation: Scrolls take you a little longer to read. [potion of mutation]
 61451 | Zot:5    | Lost mutation: You are weak. (Str -2) [potion of mutation]
 61451 | Zot:5    | Lost mutation: You are very dopey. (Int -4) [potion of mutation]
 61451 | Zot:5    | Gained mutation: Your muscles are strong. (Str +2) [potion of mutation]
 61452 | Zot:5    | Got the Orb of Zot
 61545 | Zot:5    | Noticed Bieneevu the pandemonium lord
 61557 | Zot:5    | Killed Bieneevu the pandemonium lord
 61826 | Depths:5 | Noticed Qokuixy the pandemonium lord
 61837 | Depths:5 | Received a gift from Okawaru
 61844 | Depths:5 | Killed Qokuixy the pandemonium lord
 61858 | Depths:5 | Got a pair of shimmering boots {god gift}
 61859 | Depths:5 | Identified the +2 pair of boots "Duotzuan" {rElec rPois rF- Int-2} (Okawaru gifted it to you on level 5 of the Depths)
 61929 | Depths:5 | Noticed Ymait the pandemonium lord
 61986 | Depths:4 | Noticed Sumyp the pandemonium lord
 61996 | Depths:4 | Killed Sumyp the pandemonium lord
 62027 | Depths:4 | Noticed Fuehaiz the pandemonium lord
 62055 | Depths:4 | Killed Fuehaiz the pandemonium lord
 62598 | D:5      | Noticed Finynt the pandemonium lord
 62623 | D:5      | Noticed Tiotim the pandemonium lord
 62635 | D:5      | HP: 6/249 [Tiotim the pandemonium lord/great blast of fire (39)]
 62638 | D:5      | Killed from afar by Tiotim the pandemonium lord

Vault maps used:
D:1:      eino_arrival_cavern_d, kennysheep_another_room, minivault_4
D:2:      grunt_decor_fettered
D:3:      lemuel_coloured_pillars_altar, grunt_ministairs_9,
          minmay_misc_feat_roman, minmay_statues_item, dk_noncrumbling_3,
          uniq_jessica, uniq_robin
D:4:      eat_drink_and_be_merry_uskayaw, uniq_sigmund
D:5:      grunt_temple_overflow_gold_and_silver, first_bread
D:6:      temple_green, gup_sewer_entry_glass, uniq_duvessa, uniq_blork_the_orc,
          uniq_eustachio
D:7:      grunt_temple_overflow_growth_and_decay,
          gammafunk_temple_overflow_arena, amethyst_overflow_temple_binary,
          nicolae_ossuary_entry_false_entrances, kb_lookout_dungeons_type
D:8:      uniq_joseph
D:9:      marbit_many_paths, david_nohive_1
D:10:     david_orc_3
D:11:     lemuel_bear_cage, david_lair_shrubbed
D:12:     nooodl_glass_maze, minivault_25
D:13:     minmay_the_grid_triangle_9x9_recursive_2
D:14:     david_vaults_5, wad_rectangle_vault
D:15:     grunt_enter_depths_magical_seal, kennysheep_doodads, grunt_decor_cap,
          uniq_sonja, uniq_rupert
Temple:   minmay_temple_bridge_abc
Lair:1:   serial_bayou_shore_a, minmay_lair_oklob_chamber, uniq_harold
Lair:2:   nicolae_spider_entry_non_spiders, infiniplex_staircase_pool
Lair:3:   minmay_swamp_entry_wisps, grunt_megastairs_4, serial_bayou_shore_b
Lair:4:   st_stairs_9, uniq_nergalle
Lair:5:   slime_altar_1, lemuel_fruit_tree, grunt_megastairs_2,
          serial_bayou_shore_b
Lair:6:   minmay_lair_end_enchanted_forest
Swamp:1:  evilmike_swamp_ruin_house_5, uniq_roxanne, uniq_louise
Swamp:2:  evilmike_swamp_ruin_house_2
Swamp:3:  hangedman_swamp_diagram
Swamp:4:  swamp_icy
Spider:1: guppyfry_spider_mini_1
Spider:2: portal_ice_cave_entry_pillars_1
Spider:3: uniq_arachne, uniq_donald
Spider:4: spider_rune_water, nicolae_spider_circle_web, uniq_bai_suzhen
Orc:1:    lightli_orcish_oven
Orc:2:    kennysheep_orc_mage_school
Elf:1:    minmay_elf_sorcery, minivault_23
Elf:2:    serial_shops, shop_scrolls, nicolae_shop_stone,
          nicolae_shop_behind_doors, nicolae_shop_statue_plus,
          nicolae_shop_waterfront, serial_glass, glass_columns_a,
          glass_columns_a, corner_web_ring
Elf:3:    minmay_elf_hall_x, serial_shops,
          nicolae_shop_temple_entry_statues_fountains, minivault_19
Vaults:1: v_misc_1, vaults_room_door_ring, nicolae_vaults_little_ls,
          nicolae_vaults_sealed_display, hangedman_vaults_river_flow,
          vaults_room_stairs_pillars, nicolae_vaults_border_crossing,
          vaults_dpeg_ring, nicolae_trove_entry_free_sample,
          portal_desolation_entry_nicolae_nacl, uniq_saint_roka
Vaults:2: st_diamondy, minmay_crypt_entry_simple_box,
          vaults_room_stairs_pillars, v_alt_pattern_2, vaults_dpeg_doors,
          vaults_room_fancy_cross, v_alt_pattern_1, ontoclasm_vaults_gateway,
          vaults_mumra_minichess, hangedman_vaults_slice, ontoclasm_vaults_spin,
          vaults_dpeg_diagonal
Vaults:3: nicolae_vaults_network_star, ontoclasm_vaults_fault,
          hangedman_vaults_snaps, nicolae_vaults_mini_display_case, v_misc_23,
          hangedman_vaults_nodes, v_pattern_2, vaults_standard_mumra_x,
          nicolae_vaults_little_squares_1, v_misc_24,
          nicolae_vaults_little_squares_4, nicolae_vaults_little_squares_1,
          v_misc_17, nicolae_vaults_ring_of_whatevers,
          nicolae_vaults_shelves_hall, mu_enter_wizlab_4
Vaults:4: ontoclasm_vaults_hangar, nicolae_vaults_hallways_thing,
          vaults_mumra_hexcomb, v_misc_12, nicolae_vaults_network_s,
          nicolae_vaults_network_barrier, nicolae_vaults_little_squares_4,
          nicolae_vaults_ring_of_whatevers, grunt_vaults_hallway_short
Vaults:5: serial_shops
Crypt:2:  uniq_mennas
Crypt:3:  grunt_crypt_end_deaths_head
Depths:1: minmay_crystal_room, hangedman_tar_grid_catacomb,
          serial_sigils_hangedman_writhe, abandoned_shop, minmay_misc_feat_five,
          wad_scary_box, uniq_asterion
Depths:2: hangedman_slaughterboxes, pan_entry, abyss_entry, hell_entry,
          uniq_sojobo
Depths:3: evilmike_inaccessible_box, pf_coc_iceberg, rand_demon_pan_entry_9,
          abyss_entry_crystal, minmay_misc_feat_four_crosses,
          small_statue_intersection, hangedman_glass_teeth, st_stairs_8,
          guppyfry_shop_blood, infiniplex_staircase_pillars_2, uniq_aizul
Depths:4: minmay_haunted_quarter, abyss_entry_small_statue_room, serial_shops,
          bzr_entry_islet, kennysheep_little_box, nicolae_shop_statue_plus,
          shop, shop, hell_entry, tso_metal_star, minmay_staircase_statues
Depths:5: grunt_zot_entry_bicorn, hell_entry, hangedman_abyss_or_decor_passed,
          minmay_shoptagon, uniq_enchantress
Zot:1:    cheibrodos_zot_enchanting_chambers
Zot:2:    infiniplex_zot_generator
Zot:3:    nicolae_moth_party, nicolae_zot_crop_circle
Zot:4:    st_large_dragon_hoard_2, basic_stair_grate_trap
Abyss:3:  minivault_5
Bazaar:   bazaar_short_row
Trove:    trove_jewel_1
Sewer:    sewer_co_scattered_pipes
Ossuary:  ossuary_tomb_1
IceCv:    ice_cave_tombish
WizLab:   wizlab_golubria

Skill      XL: |  1  2  3  4  5  6  7  8  9 10 11 12 13 14 15 16 17 18 19 20 21 22 23 24 25 26 27 |
---------------+----------------------------------------------------------------------------------+-----
Axes           | 3 4 5 6 7 8 10 11 12 14 15 16 17 19 20 21 | 21.0
Fighting       | 3 4 6 8 9 10 11 12 13 14 15 16 17 18 19 20 21 22 23 24 25 27 | 27.0
Armour         | 2 3 5 7 8 9 11 12 13 14 15 16 17 18 19 20 21 23 24 25 26 | 26.0
Invocations    | 2 4 6 |  6.1
Shields        | 4 6 8 10 11 12 14 15 16 17 18 19 20 21 22 23 | 23.5
Dodging        | 7 9 11 13 14 15 23 | 23.2
Evocations     | 24 | 24.5
Spellcasting   | |  2.1
Charms         | |  3.2

Action                   |  1- 3 |  4- 6 |  7- 9 | 10-12 | 13-15 | 16-18 | 19-21 | 22-24 | 25-27 || total
-------------------------+-------+-------+-------+-------+-------+-------+-------+-------+-------++-------
Melee: Hand axe          |   149 |   120 |       |       |       |       |       |       |       ||   269
       War axe           |       |    41 |   482 |   369 |  1132 |  1240 |  1323 |   210 |       ||  4797
       Dire flail        |       |       |     6 |   130 |       |       |       |       |       ||   136
       Punch             |       |       |     1 |     1 |     1 |       |       |       |       ||     3
       Battleaxe         |       |       |       |   412 |       |       |       |       |       ||   412
       Mace              |       |       |       |       |    62 |       |       |       |       ||    62
       Broad axe         |       |       |       |       |       |     5 |    17 |  1296 |  2293 ||  3611
       Headbutt          |       |       |       |       |       |       |   261 |   336 |   743 ||  1340
 Cast: Infusion          |       |       |       |       |       |       |     1 |       |       ||     1
Invok: Heroism           |       |       |     2 |    17 |     6 |     8 |     5 |     1 |     6 ||    45
       Finesse           |       |       |       |       |       |     2 |       |       |     2 ||     4
 Abil: Hop               |     1 |     5 |       |       |     3 |     3 |     7 |     3 |     2 ||    24
Evoke: Wand              |       |     1 |       |     9 |     7 |     7 |     3 |       |     8 ||    35
  Use: Scroll            |     7 |     1 |     8 |     7 |    18 |    13 |    15 |     9 |    18 ||    96
       Potion            |     3 |     1 |     6 |     4 |     4 |     6 |     3 |       |     5 ||    32
 Stab: Distracted        |       |       |       |       |     2 |       |       |       |     1 ||     3
       Held in net/web   |       |       |       |       |       |       |       |       |     3 ||     3
  Eat: Chunk             |     3 |     6 |    16 |    21 |    36 |    10 |    28 |    22 |    47 ||   189
       Fruit             |       |       |       |     8 |     1 |    21 |       |       |       ||    30
       Royal jelly       |       |       |       |     1 |       |       |       |     1 |     4 ||     6
       Meat ration       |       |       |       |       |       |       |     1 |     1 |       ||     2
Armor: Leather armour    |     2 |       |       |       |       |       |       |       |       ||     2
       Chain mail        |   133 |    85 |   262 |   685 |       |       |       |       |       ||  1165
       Skin              |       |       |     2 |    38 |       |     3 |       |       |       ||    43
       Plate armour      |       |       |       |     1 |   637 |   818 |   620 |    38 |       ||  2114
       Crystal plate arm |       |       |       |       |       |       |       |   554 |   654 ||  1208
Dodge: Dodged            |    52 |    48 |   160 |   459 |   382 |   322 |   410 |   378 |   847 ||  3058
Block: Shield            |       |       |       |       |   465 |   769 |   801 |   705 |  1503 ||  4243
       Reflection        |       |       |       |       |       |       |    15 |    81 |    98 ||   194
       Large shield      |       |       |       |       |       |       |       |   523 |   561 ||  1084

Table legend:
 A = Spawn XP
 B = Non-spawn XP
 C = Spawn XP percentage of total XP
 D = Spawn monster count
 E = Non-spawn monster count
 F = Spawn count percentage of total count
 G = Total turns spent on level
                    A         B        C        D         E        F      G
               +---------+---------+-------+---------+---------+-------+---------
         Total |  189339 | 1918961 |   9.0 |     321 |    2679 |  10.7 | 62638
               +---------+---------+-------+---------+---------+-------+---------
           D:1 |       3 |      19 |  13.6 |       2 |      11 |  15.4 |   773
           D:2 |      49 |      57 |  46.2 |       4 |      15 |  21.1 |  1448
           D:3 |      46 |     233 |  16.5 |       2 |      31 |   6.1 |  1189
           D:4 |       3 |     992 |   0.3 |       2 |      21 |   8.7 |  1514
           D:5 |      46 |     829 |   5.3 |       3 |      15 |  16.7 |   954
           D:6 |     218 |    1482 |  12.8 |       7 |      26 |  21.2 |  1288
           D:7 |     335 |    2796 |  10.7 |      14 |      30 |  31.8 |  1624
           D:8 |     297 |    1761 |  14.4 |       7 |      22 |  24.1 |  1191
           D:9 |    1028 |    4429 |  18.8 |      18 |      41 |  30.5 |  2128
          D:10 |     412 |     757 |  35.2 |       5 |      11 |  31.2 |   964
          D:11 |    1260 |    7806 |  13.9 |       5 |      46 |   9.8 |  1451
          D:12 |     713 |    2620 |  21.4 |       4 |      22 |  15.4 |  1283
          D:13 |       0 |   10429 |   0.0 |       0 |      47 |   0.0 |   977
          D:14 |    3014 |   16258 |  15.6 |       9 |      56 |  13.8 |  1239
          D:15 |    2228 |   14991 |  12.9 |       7 |      35 |  16.7 |  1145
        Lair:1 |    1236 |    5724 |  17.8 |       6 |      14 |  30.0 |  1183
        Lair:2 |    1006 |    5914 |  14.5 |       3 |      26 |  10.3 |  1215
        Lair:3 |     797 |    6166 |  11.4 |       3 |      28 |   9.7 |   946
        Lair:4 |     255 |    6500 |   3.8 |       1 |      27 |   3.6 |   771
        Lair:5 |     201 |    8164 |   2.4 |       1 |      17 |   5.6 |   749
        Lair:6 |    1557 |   19946 |   7.2 |       6 |      88 |   6.4 |  1414
       Swamp:1 |     134 |   17062 |   0.8 |       1 |      37 |   2.6 |   696
       Swamp:2 |     279 |    5235 |   5.1 |       1 |      18 |   5.3 |   635
       Swamp:3 |     283 |    6874 |   4.0 |       1 |      17 |   5.6 |   709
       Swamp:4 |    1230 |   17088 |   6.7 |       2 |      57 |   3.4 |   864
      Spider:1 |    1109 |   19771 |   5.3 |       3 |      56 |   5.1 |   704
      Spider:2 |     219 |   13499 |   1.6 |       1 |      25 |   3.8 |   807
      Spider:3 |    3819 |   20245 |  15.9 |      11 |      51 |  17.7 |   732
      Spider:4 |    2288 |   39782 |   5.4 |       6 |      73 |   7.6 |  1259
         Orc:1 |     361 |    2519 |  12.5 |       5 |      31 |  13.9 |  1006
         Orc:2 |    1180 |    9697 |  10.8 |       6 |      50 |  10.7 |  1392
         Elf:1 |    1290 |   27770 |   4.4 |       3 |      52 |   5.5 |  1075
         Elf:2 |    1327 |   47055 |   2.7 |       3 |      68 |   4.2 |  1103
         Elf:3 |   11277 |   71894 |  13.6 |      17 |      75 |  18.5 |  1862
      Vaults:1 |    6548 |   57774 |  10.2 |      16 |     104 |  13.3 |  1787
      Vaults:2 |    7223 |   53267 |  11.9 |      21 |      73 |  22.3 |  1488
      Vaults:3 |    1435 |   46875 |   3.0 |       7 |      69 |   9.2 |  1131
      Vaults:4 |    3625 |   34485 |   9.5 |       7 |      62 |  10.1 |  1116
      Vaults:5 |    2529 |  182220 |   1.4 |       2 |     135 |   1.5 |  1500
       Crypt:1 |    2167 |   15758 |  12.1 |       3 |      27 |  10.0 |   958
       Crypt:2 |    7386 |   31673 |  18.9 |      10 |      36 |  21.7 |   715
       Crypt:3 |    4685 |   75405 |   5.8 |       4 |     118 |   3.3 |  1017
      Depths:1 |    6490 |   30874 |  17.4 |       5 |      29 |  14.7 |   627
      Depths:2 |    4780 |  104114 |   4.4 |       4 |      84 |   4.5 |  1308
      Depths:3 |    1135 |  115249 |   1.0 |       1 |     100 |   1.0 |  1181
      Depths:4 |    3905 |   41364 |   8.6 |       3 |      61 |   4.7 |  1122
      Depths:5 |   20823 |   49829 |  29.5 |       5 |      39 |  11.4 |   923
         Zot:1 |     454 |   99890 |   0.5 |       1 |      61 |   1.6 |  1213
         Zot:2 |   13736 |   96536 |  12.5 |      10 |      65 |  13.3 |  1391
         Zot:3 |   10517 |   87116 |  10.8 |       7 |      54 |  11.5 |  1113
         Zot:4 |   15852 |   92379 |  14.6 |      10 |      37 |  21.3 |  1107
         Zot:5 |    4954 |  197940 |   2.4 |       2 |      54 |   3.6 |   715
       Abyss:3 |   31595 |    4320 |  88.0 |      34 |      13 |  72.3 |   514
         Sewer |       0 |      73 |   0.0 |       0 |      24 |   0.0 |   539
       Ossuary |       0 |     472 |   0.0 |       0 |      39 |   0.0 |   267
         IceCv |       0 |   10425 |   0.0 |       0 |      25 |   0.0 |   659
        WizLab |       0 |   21940 |   0.0 |       0 |      33 |   0.0 |   983
    Desolation |       0 |   52619 |   0.0 |       0 |      98 |   0.0 |   770
               +---------+---------+-------+---------+---------+-------+---------
